[Event "10th Norway Chess 2022"]
[White "Tari,Aryan"]
[Black "Carlsen,Magnus"]
[Site "Stavanger"]
[Round "7.1"]
[Annotator "TA"]
[Result "1/2-1/2"]
[Date "2022.06.07"]
[WhiteElo "2654"]
[BlackElo "2864"]
[PlyCount "65"]
[TimeControl "60"]

1. e4 e5 2. Nf3 Nc6 3. Nc3 Nf6 4. d4 exd4 5. Nxd4 Bb4 6. Nxc6 bxc6 7. Bd3 d5 8. Bd2 O-O 9. O-O Rb8 {[%emt 0:0:0] C47: Scotch Four Knights and Four Knights with 4 g3.} 10. Re1 Re8 {[%emt 0:24:20] 10...Bg4 is more fashionable.} 11. h3 {[%emt 0:1:40]
[#] Inhibits Bg4.} Be6 $146 (11... dxe4 $11 12. Bxe4 Nxe4 13. Nxe4 Bf8 )({Predecessor:} 11... dxe4 12. Nxe4 Nxe4 13. Bxb4 Nxf2 14. Rxe8+ Qxe8 15. Qe1 Qxe1+ 16. Rxe1 Be6 17. Kxf2 Rxb4 {1-0 (52) Shahinyan,D (2460)
-Alaverdyan,G (2281) Yerevan 2021} )12. b3 $14 Nd7 13. exd5 cxd5 14. Qf3 Nc5 15. Re2 c6 16. Rae1 g6 17. Nb1 Bxd2 18. Nxd2 Qg5 19. c3 (19. g4 $5 )Bd7 {[%emt 0:1:29] The position is equal.} 20. b4 Rxe2 21. Rxe2 Ne6 22. g3 Qd8 23. h4 a5 24. a3 axb4 (24... Kg7 {keeps more tension.} 25. Re5 axb4 26. axb4 d4 )25. axb4 Ra8 26. Nb3 Ra3 27. Bc2 Kg7 28. Re3 Qf6 29. Qd1 h5 30. Rf3 Qe5 31. Re3 Qf6 32. Rf3 Qe5 33. Re3 {[%emt 0:0:5] Weighted
Error Value: White=0.03 (flawless) /Black=0.04 (flawless)} 1/2-1/2